3L
FT. WORTH CATTLEMEN @ GREENVILLE 84S
06/15/2033
 
TOP OF THE 1ST
Ft. Worth Cattlemen batting - Pitching for Greenville 84s : RHP Neil Franson
Pitching: RHP Neil Franson
Batting: LHB Chris Etheridge 0-0: Called Strike
0-1: Ground out 3-1 (Groundball, 34)
Batting: RHB Rich Flannery 0-0: Called Strike
0-1: Ball
1-1: SINGLE (Groundball, 34D)
Batting: LHB Jesús Morales 0-0: Fly out, F9 (Flyball, 9S)
Batting: RHB Gilberto Juárez 0-0: Ball
1-0: Ball
2-0: Foul Ball, location: 2F
2-1: Foul Ball, location: 2F
2-2: Ball
3-2: Fly out, F8 (Flyball, 8RS)
Top of the 1st over - 0 runs, 1 hit, 0 errors, 1 left on base; Ft. Worth 0 - Greenville 0
BOTTOM OF THE 1ST
Greenville 84s batting - Pitching for Ft. Worth Cattlemen : RHP Armando Romano
Pitching: RHP Armando Romano
Batting: SHB Jorge Barrios 0-0: Ball
1-0: Ball
2-0: Ball
3-0: Called Strike
3-1: Bunt - Flyout! F1
Batting: LHB Craig Morgan 0-0: Ground out 6-3 (Groundball, 6S)
Batting: RHB Thom Beach 0-0: Ball
1-0: Ball
2-0: Swinging Strike
2-1: Ground out 6-3 (Groundball, 6)
Bottom of the 1st over - 0 runs, 0 hits, 0 errors, 0 left on base; Ft. Worth 0 - Greenville 0
TOP OF THE 2ND
Ft. Worth Cattlemen batting - Pitching for Greenville 84s : RHP Neil Franson
Batting: LHB Rick Mayfield 0-0: Ball
1-0: Fly out, F8 (Flyball, 8RM)
Batting: SHB Roberto Mosca 0-0: Called Strike
0-1: Ball
1-1: Ball
2-1: Swinging Strike
2-2: Strikes out swinging
Batting: LHB Nobuo Yamashita 0-0: Ball
1-0: Ball
2-0: Called Strike
2-1: Ground out 3-1 (Groundball, 34)
Top of the 2nd over - 0 runs, 0 hits, 0 errors, 0 left on base; Ft. Worth 0 - Greenville 0
BOTTOM OF THE 2ND
Greenville 84s batting - Pitching for Ft. Worth Cattlemen : RHP Armando Romano
Batting: LHB Miguel Gazivoda 0-0: Called Strike
0-1: Ball
1-1: Ball
2-1: Ball
3-1: Hit by Pitch
Batting: RHB Edgar Baeza 0-0: Called Strike
0-1: Swinging Strike
0-2: Strikes out swinging
Batting: LHB Danny Trautmann 0-0: Called Strike
0-1: Ball
1-1: Swinging Strike
1-2: SINGLE (Groundball, 23) (infield hit)
Miguel Gazivoda to second
Batting: RHB Scott Dourque 0-0: Foul Ball, location: 2F
0-1: Ball
1-1: SINGLE (Groundball, 56D)
Miguel Gazivoda to third
Danny Trautmann to second
Batting: LHB Ron Stewart 0-0: Foul Ball, location: 2F
0-1: Foul Ball, location: 2F
0-2: Ball
1-2: Ball
2-2: Ball
3-2: Fly out, F7 (Flyball, 7S)
Batting: LHB Tim Stinson 0-0: Called Strike
0-1: Swinging Strike
0-2: Foul Ball, location: 2F
0-2: Ball
1-2: Ground out U3 (Groundball, 3)
Bottom of the 2nd over - 0 runs, 2 hits, 0 errors, 3 left on base; Ft. Worth 0 - Greenville 0
TOP OF THE 3RD
Ft. Worth Cattlemen batting - Pitching for Greenville 84s : RHP Neil Franson
Batting: RHB Vincent Vega 0-0: Called Strike
0-1: Ball
1-1: Called Strike
1-2: Strikes out swinging
Batting: SHB Robby Day 0-0: Called Strike
0-1: Foul Ball, location: 2F
0-2: Ground out 4-3 (Groundball, 34D)
Batting: LHB Chris Etheridge 0-0: Swinging Strike
0-1: Foul Ball, location: 2F
0-2: Ground out U3 (Groundball, 23)
Top of the 3rd over - 0 runs, 0 hits, 0 errors, 0 left on base; Ft. Worth 0 - Greenville 0
BOTTOM OF THE 3RD
Greenville 84s batting - Pitching for Ft. Worth Cattlemen : RHP Armando Romano
Batting: SHB Jorge Barrios 0-0: Ball
1-0: Ball
2-0: Bunted foul
2-1: Foul Ball, location: 2F
2-2: Ball
3-2: SOLO HOME RUN (Flyball, 9D), Distance : 389 ft
Batting: LHB Craig Morgan 0-0: Called Strike
0-1: Fly out, F7 (Line Drive, 7)
Batting: RHB Thom Beach 0-0: Foul Ball, location: 2F
0-1: Ball
1-1: Swinging Strike
1-2: Ball
2-2: Ball
3-2: Strikes out swinging
Batting: LHB Miguel Gazivoda 0-0: Called Strike
0-1: Ball
1-1: Swinging Strike
1-2: Ball
2-2: Foul Ball, location: 2F
2-2: Ground out 4-3 (Groundball, 4)
Bottom of the 3rd over - 1 run, 1 hit, 0 errors, 0 left on base; Ft. Worth 0 - Greenville 1
TOP OF THE 4TH
Ft. Worth Cattlemen batting - Pitching for Greenville 84s : RHP Neil Franson
Batting: RHB Rich Flannery 0-0: Swinging Strike
0-1: Foul Ball, location: 2F
0-2: Ball
1-2: Strikes out swinging
Batting: LHB Jesús Morales 0-0: Ball
1-0: Fly out, F5 (Flyball, 5D)
Batting: RHB Gilberto Juárez 0-0: Ball
1-0: Foul Ball, location: 2F
1-1: Foul Ball, location: 2F
1-2: Ball
2-2: Foul Ball, location: 2F
2-2: Foul Ball, location: 2F
2-2: Foul Ball, location: 2F
2-2: DOUBLE (Flyball, 78XD)
Batting: LHB Rick Mayfield 0-0: Swinging Strike
0-1: Swinging Strike
0-2: Foul Ball, location: 2F
0-2: Foul Ball, location: 2F
0-2: Ball
1-2: Ball
2-2: Ball
3-2: Ground out 5-3 (Groundball, 56S)
Top of the 4th over - 0 runs, 1 hit, 0 errors, 1 left on base; Ft. Worth 0 - Greenville 1
BOTTOM OF THE 4TH
Greenville 84s batting - Pitching for Ft. Worth Cattlemen : RHP Armando Romano
Batting: RHB Edgar Baeza 0-0: Called Strike
0-1: Foul Ball, location: 2F
0-2: Foul Ball, location: 2F
0-2: Strikes out swinging
Batting: LHB Danny Trautmann 0-0: Foul Ball, location: 2F
0-1: Ball
1-1: Called Strike
1-2: Ball
2-2: Foul Ball, location: 2F
2-2: Ball
3-2: Reached on error, E5 (Groundball, 5)
Batting: RHB Scott Dourque 0-0: Called Strike
0-1: Ball
1-1: Ball
2-1: Foul Ball, location: 2F
2-2: Ball
3-2: Foul Ball, location: 2F
3-2: Strikes out swinging
Batting: LHB Ron Stewart 0-0: Ball
1-0: Ball
2-0: Called Strike
2-1: Swinging Strike
2-2: Ground out 1-3 (Groundball, 13)
Bottom of the 4th over - 0 runs, 0 hits, 1 error, 1 left on base; Ft. Worth 0 - Greenville 1
TOP OF THE 5TH
Ft. Worth Cattlemen batting - Pitching for Greenville 84s : RHP Neil Franson
Batting: SHB Roberto Mosca 0-0: Swinging Strike
0-1: Foul Ball, location: 2F
0-2: Strikes out looking
Batting: LHB Nobuo Yamashita 0-0: Ball
1-0: Ball
2-0: Called Strike
2-1: Foul Ball, location: 2F
2-2: SINGLE (Groundball, 6MD)
Batting: RHB Vincent Vega 0-0: Ball
1-0: Foul Ball, location: 2F
1-1: Swinging Strike
1-2: Ball
2-2: Foul Ball, location: 2F
2-2: Strikes out swinging
Batting: SHB Robby Day 0-0: Ground out 4-3 (Groundball, 4)
Top of the 5th over - 0 runs, 1 hit, 0 errors, 1 left on base; Ft. Worth 0 - Greenville 1
BOTTOM OF THE 5TH
Greenville 84s batting - Pitching for Ft. Worth Cattlemen : RHP Armando Romano
Batting: LHB Tim Stinson 0-0: Ball
1-0: Foul Ball, location: 2F
1-1: Foul Ball, location: 2F
1-2: Fly out, F7 (Flyball, 78S)
Batting: SHB Jorge Barrios 0-0: Called Strike
0-1: Swinging Strike
0-2: Foul Ball, location: 2F
0-2: Foul Ball, location: 2F
0-2: Ball
1-2: Ground out 6-3 (Groundball, 6M)
Batting: LHB Craig Morgan 0-0: Ball
1-0: Ball
2-0: Fly out, F8 (Flyball, 8RS)
Bottom of the 5th over - 0 runs, 0 hits, 0 errors, 0 left on base; Ft. Worth 0 - Greenville 1
TOP OF THE 6TH
Ft. Worth Cattlemen batting - Pitching for Greenville 84s : RHP Neil Franson
Batting: LHB Chris Etheridge 0-0: Called Strike
0-1: Foul Ball, location: 2F
0-2: Foul Ball, location: 2F
0-2: Ball
1-2: Ball
2-2: Fly out, F4 (Line Drive, 4)
Batting: RHB Rich Flannery 0-0: Ball
1-0: Ball
2-0: Called Strike
2-1: Foul Ball, location: 2F
2-2: Ball
3-2: Foul Ball, location: 2F
3-2: Foul Ball, location: 2F
3-2: Ground out 5-3 (Groundball, 56)
Batting: LHB Jesús Morales 0-0: Swinging Strike
0-1: Ball
1-1: Ball
2-1: SINGLE (Line Drive, 4M)
Pitching: RHP Ira Hipps
Batting: RHB Gilberto Juárez 0-0: Called Strike
Jesús Morales is caught stealing 2nd base
Top of the 6th over - 0 runs, 1 hit, 0 errors, 0 left on base; Ft. Worth 0 - Greenville 1
BOTTOM OF THE 6TH
Greenville 84s batting - Pitching for Ft. Worth Cattlemen : RHP Armando Romano
Batting: RHB Thom Beach 0-0: Called Strike
0-1: Ball
1-1: Ground out 5-3 (Groundball, 56)
Batting: LHB Miguel Gazivoda 0-0: Called Strike
0-1: Fly out, F3 (Line Drive, 3S)
Batting: RHB Edgar Baeza 0-0: Called Strike
0-1: Foul Ball, location: 2F
0-2: Ball
1-2: Ball
2-2: Foul Ball, location: 2F
2-2: Ground out 6-3 (Groundball, 6)
Bottom of the 6th over - 0 runs, 0 hits, 0 errors, 0 left on base; Ft. Worth 0 - Greenville 1
TOP OF THE 7TH
Ft. Worth Cattlemen batting - Pitching for Greenville 84s : RHP Ira Hipps
Batting: RHB Gilberto Juárez 0-0: Foul Ball, location: 2F
0-1: SINGLE (Groundball, 6MD)
Batting: LHB Rick Mayfield 0-0: Ball
1-0: Foul Ball, location: 2F
1-1: Foul Ball, location: 2F
1-2: Strikes out swinging
Gilberto Juárez steals 2nd base
Batter strikes out.
Batting: SHB Roberto Mosca 0-0: Ball
1-0: Ball
2-0: Called Strike
2-1: Ball
3-1: Base on Balls
Batting: LHB Nobuo Yamashita 0-0: Called Strike
0-1: Ball
1-1: Swinging Strike
1-2: Ball
2-2: Ball
3-2: Strikes out looking
Batting: RHB Vincent Vega 0-0: Ball
1-0: Fielders Choice at 2nd, 6-4 (Groundball, 56)
Top of the 7th over - 0 runs, 1 hit, 0 errors, 2 left on base; Ft. Worth 0 - Greenville 1
BOTTOM OF THE 7TH
Greenville 84s batting - Pitching for Ft. Worth Cattlemen : RHP Armando Romano
Pitching: LHP Pedro Ortíz
Batting: LHB Danny Trautmann 0-0: Foul Ball, location: 2F
0-1: Called Strike
0-2: Ball
1-2: Ball
2-2: Ball
3-2: Strikes out swinging
Batting: RHB Scott Dourque 0-0: Ball
1-0: Foul Ball, location: 2F
1-1: Foul Ball, location: 2F
1-2: Ball
2-2: SINGLE (Groundball, 15) (infield hit)
Pinch Hitting: RHB Andrés Rodríguez 0-0: Ball
1-0: Ball
2-0: Ball
3-0: Called Strike
3-1: Fly out, F9 (Flyball, 9S)
Batting: LHB Tim Stinson 0-0: Ball
1-0: Called Strike
1-1: SINGLE (Groundball, 34D)
Scott Dourque to second
Runner from 2nd tries for 3rd, SAFE, no throw
Batting: SHB Jorge Barrios 0-0: Ball
1-0: Ball
2-0: Ground out 5-3 (Groundball, 56S)
Bottom of the 7th over - 0 runs, 2 hits, 0 errors, 2 left on base; Ft. Worth 0 - Greenville 1
TOP OF THE 8TH
Ft. Worth Cattlemen batting - Pitching for Greenville 84s : RHP Ira Hipps
Now in LF: Andrés Rodríguez
Batting: SHB Robby Day 0-0: Ball
1-0: Ball
2-0: Called Strike
2-1: Foul Ball, location: 2F
2-2: Strikes out swinging
Batting: LHB Chris Etheridge 0-0: SINGLE (Groundball, 34S) (infield hit)
Batting: RHB Rich Flannery 0-0: Ball
1-0: Foul Ball, location: 2F
1-1: Called Strike
1-2: Ball
2-2: Strikes out swinging
Batting: LHB Jesús Morales 0-0: Ball
1-0: Ball
2-0: Ground out 4-3 (Groundball, 4)
Top of the 8th over - 0 runs, 1 hit, 0 errors, 1 left on base; Ft. Worth 0 - Greenville 1
BOTTOM OF THE 8TH
Greenville 84s batting - Pitching for Ft. Worth Cattlemen : LHP Pedro Ortíz
Batting: LHB Craig Morgan 0-0: Called Strike
0-1: Ball
1-1: Ball
2-1: Foul Ball, location: 2F
2-2: DOUBLE (Line Drive, 5D)
Pinch Runner at 2nd Jesús Torres:
Batting: RHB Thom Beach 0-0: Intentional Walk
Pitching: LHP Ricardo Ruíz
Batting: LHB Miguel Gazivoda 0-0: Called Strike
0-1: Foul Ball, location: 2F
0-2: Foul Ball, location: 2F
0-2: Strikes out swinging
Batting: RHB Edgar Baeza 0-0: Ball
1-0: Ball
2-0: Ball
3-0: Base on Balls
Jesús Torres to third
Thom Beach to second
Batting: LHB Danny Trautmann 0-0: Ball
1-0: Called Strike
1-1: Foul Ball, location: 2F
1-2: Fly out, F7 (Flyball, 7D)
Runner from 3rd tags up, SCORES, no throw
Batting: RHB Scott Dourque 0-0: Ball
1-0: Ball
2-0: Called Strike
2-1: Foul Ball, location: 2F
2-2: Strikes out looking
Bottom of the 8th over - 1 run, 1 hit, 0 errors, 2 left on base; Ft. Worth 0 - Greenville 2
TOP OF THE 9TH
Ft. Worth Cattlemen batting - Pitching for Greenville 84s : RHP Ira Hipps
Now at SS: Jesús Torres
Batting: RHB Gilberto Juárez 0-0: Ball
1-0: Ground out 1-3 (Groundball, P)
Batting: LHB Rick Mayfield 0-0: Called Strike
0-1: Ground out 6-3 (Groundball, 6)
Batting: SHB Roberto Mosca 0-0: Ball
1-0: SOLO HOME RUN (Flyball, 9LD), Distance : 345 ft
Batting: LHB Nobuo Yamashita 0-0: Ground out U3 (Groundball, 3L)
Top of the 9th over - 1 run, 1 hit, 0 errors, 0 left on base; Ft. Worth 1 - Greenville 2
Saturday, December 22nd, 2018 - OOTP Baseball 18.8 Build 76